 Dungeon Crawl Stone Soup version 0.21.1-1-g345015f (webtiles) character file.

81551 shakethe the Basher (level 15, -5/96 HPs)
             Began as a Gargoyle Fighter on Feb 10, 2018.
             Was a High Priest of Elyvilon.
             Slain by Sonja
             ... wielding a +1 dagger of distortion
              (16 damage)
             ... on level 14 of the Dungeon.
             The game lasted 01:34:15 (28211 turns).

shakethe the Basher (Gargoyle Fighter)             Turns: 28211, Time: 01:34:15

Health: -5/96      AC: 36    Str: 21    XL:     15   Next: 70%
Magic:  20/20      EV: 11    Int:  9    God:    Elyvilon [*****.]
Gold:   1877       SH:  0    Dex: 14    Spells: 14/14 levels left

rFire    + . .     SeeInvis .   a - +9 flail
rCold    + . .     Gourm    .   (no shield)
rNeg     + . .     Faith    .   v - +3 storm dragon scales
rPois    ∞         Spirit   .   T - +0 helmet
rElec    +         Reflect  .   l - +1 cloak
rCorr    .         Harm     .   (no gloves)
MR       +....                  o - +0 pair of boots
Stlth    ..........             m - amulet of rage {+Rage, !d}
HPRegen  0.26/turn              I - ring of protection from fire {rF+, !d}
MPRegen  0.17/turn              Q - ring of protection from cold {rC+, !d}

@: no status effects
A: big wings, negative energy resistance 1, electricity resistance, unbreathing,
petrification resistance, rot immunity, AC +11
a: Fly, Lesser Healing, Heal Other, Purification, Greater Healing, Divine
Vigour, Divine Protection, Renounce Religion, Evoke Berserk Rage


You were on level 14 of the Dungeon.
You worshipped Elyvilon.
Elyvilon was extremely pleased with you.
You were not hungry.

You visited 4 branches of the dungeon, and saw 23 of its levels.
You also visited: Sewer and Ice Cave.

You collected 2497 gold pieces.
You spent 620 gold pieces at shops.

Inventory:

Hand Weapons
 a - a +9 flail (weapon)
 O - a +2 great mace of holy wrath
   (You took it off Rupert on level 13 of the Dungeon)
 Z - the +8 whip "Snakebite" {curare, rPois}
   (You found it on level 3 of the Lair of Beasts)

   It poisons the flesh of those it strikes.
   It protects you from poison.
Missiles
 j - a throwing net {=f, !d}
Armour
 c - a +0 shield
 l - a +1 cloak (worn)
   (You took it off Crazy Yiuf on level 3 of the Dungeon)
 o - a +0 pair of boots (worn)
   (You found it on level 6 of the Dungeon)
 v - +3 storm dragon scales (worn)
   (You found it on level 3 of the Dungeon)
 T - a +0 helmet (worn)
   (You found it on level 9 of the Dungeon)
Jewellery
 m - an amulet of rage (around neck) {+Rage, !d}
   (You found it on level 1 of the Dungeon)
 H - a cursed -2 ring of protection {unknown}
   (You found it on level 13 of the Dungeon)
 I - a ring of protection from fire (left hand) {rF+, !d}
   (You found it on level 1 of the Lair of Beasts)
 Q - a ring of protection from cold (right hand) {rC+, !d}
   (You found it on level 4 of the Lair of Beasts)
 R - an uncursed amulet of faith {Faith, !P}
   (You found it on level 12 of the Dungeon)
 V - an uncursed ring of see invisible {sInv, !d}
   (You found it on level 12 of the Dungeon)
Wands
 w - a wand of disintegration (24)
   (You took it off a hobgoblin on level 4 of the Dungeon)
 x - a wand of scattershot (6)
   (You took it off Ijyb on level 4 of the Dungeon)
 y - a wand of digging (16)
   (You took it off Eustachio on level 6 of the Dungeon)
 B - a wand of acid (28)
   (You found it on level 12 of the Dungeon)
 E - a wand of polymorph (23)
   (You took it off Pikel on level 5 of the Dungeon)
 L - a wand of enslavement (13)
   (You found it on level 9 of the Dungeon)
Scrolls
 g - 8 scrolls of teleportation
 h - a scroll of brand weapon {unknown}
 i - 3 scrolls of magic mapping {!r}
 k - 5 scrolls of immolation {!r}
 n - 11 scrolls of remove curse
 q - a scroll of vulnerability {unknown}
 t - 5 scrolls of fear
 C - 3 scrolls of fog
 G - a scroll of holy word {unknown}
 J - a scroll of summoning {unknown}
 K - a scroll of silence {unknown}
 N - 2 scrolls of blinking {!r}
 P - 5 scrolls of amnesia
 W - 5 scrolls of identify
Potions
 b - 8 potions of curing
 d - 5 potions of might
 e - 4 potions of lignification {!q}
 p - 3 potions of cancellation
 r - 7 potions of flight {unknown}
 s - 4 potions of degeneration {unknown}
 u - 2 potions of resistance
 z - 3 potions of agility
 A - a potion of mutation {unknown}
 D - 3 potions of invisibility
 F - 2 potions of haste
 M - 7 potions of heal wounds
 S - a potion of magic
 X - a potion of ambrosia {unknown}
Miscellaneous
 U - a fan of gales
   (You found it on level 9 of the Dungeon)
Comestibles
 f - 36 rations


   Skills:
 + Level 11.9 Fighting
 - Level 14.0 Maces & Flails
 + Level 13.6 Armour
 + Level 4.9 Dodging
 + Level 14.0 Shields
 + Level 6.6 Invocations
 + Level 7.6 Evocations


You had 14 spell levels left.
You didn't know any spells.

Dungeon Overview and Level Annotations

Branches:
Dungeon (14/15) Temple (1/1) D:6 Lair (6/6) D:11 Shoals (0/4) Lair:4 Snake (0/4) Lair:3 Slime (0/5) Lair:6 Orc (2/2) D:10 Elf (0/3) Orc:2 Vaults (0/5) D:13 D:14

Altars:
Ashenzari
Cheibriados
Dithmenos
Elyvilon
Fedhas
Gozag
Hepliaklqana
Kikubaaqudgha
Makhleb
Nemelex Xobeh
Okawaru
Qazlal
Ru
Sif Muna
Trog
Uskayaw
Vehumet
Wu Jian
Xom
Yredelemnul
Zin
The Shining One
Beogh
Jiyva

Shops:
D:5 ?   D:8 !   D:12 !   Orc:1 %

Annotations:
D:14 Sonja


Innate Abilities, Weirdness & Mutations

You are resistant to torment.
Your stone body is resilient. (AC +11)
You are immune to poison.
Your large and strong wings let you fly indefinitely.
You resist negative energy. (rN+)
You are resistant to electric shocks. (rElec)
You can survive without breathing.
You are immune to petrification.
You are immune to rotting.


Message History

You closely miss the orc. The orc closely misses you.
You are near starving!
You sock the orc!
You kill the orc!
No target in view!
No target in view!
No target in view!
No target in view!
No target in view!
No target in view!
No target in view!
You eat one of the 37 rations.
That ration really hit the spot!
Things that are here:
a hand axe; a leather armour You hear a splashing noise.
A basilisk and an orc priest come into view.
The orc priest shouts!
You hear a shout!
The orc priest moves out of view.
The basilisk moves out of view.
Sonja, the Graceful Assassin comes into view.
She is wielding a dagger of distortion.
Sonja shouts!
Sonja unwields an uncursed dagger of distortion.
Its appearance distorts for a moment.
Sonja wields an uncursed glowing blowgun.
Sonja shoots a curare-tipped needle.
The curare-tipped needle hits you.
You see here a curare-tipped needle.
Sonja shoots a curare-tipped needle.
The curare-tipped needle hits you.
You see here a curare-tipped needle.
Sonja shoots a curare-tipped needle.
The curare-tipped needle hits you.
You see here a curare-tipped needle.
Sonja unwields an uncursed enchanted blowgun.
Sonja wields an uncursed dagger of distortion.
Its appearance distorts for a moment.
Sonja barely misses you. Sonja completely misses you. Sonja barely misses you.
You completely miss Sonja.
Sonja mumbles some strange words.
Sonja blinks!
Sonja unwields an uncursed dagger of distortion.
Its appearance distorts for a moment.
Sonja wields an uncursed enchanted blowgun.
Sonja shoots a curare-tipped needle.
The curare-tipped needle hits you.
You see here a curare-tipped needle.
Sonja shoots a curare-tipped needle.
The curare-tipped needle barely misses you.
Sonja says, "I'm academy-trained, you know."
Sonja drinks a potion.
Sonja flickers and vanishes!
Unknown command.
Something hits you but does no damage. Space bends around you.
Something hits you but does no damage.
You blink.
You take 6 damage, and have 90/96 hp.
You see here a curare-tipped needle.
You closely miss something. Something barely misses you.
Something hits you but does no damage.
You blink.
Something hits you but does no damage.
You blink.
You hit something. Something hits you but does no damage.
Space bends around you.
Something hits you but does no damage. x2
Space warps horribly around you!
You take 18 damage, and have 73/96 hp.
You miss something.
You hear some strange, mumbled words.
Something hits you but does no damage.
You blink.
The orc priest barely misses you.
You hit the orc priest. You barely miss the orc priest.
The orc priest closely misses you.
You hit the orc priest. Something hits you but does no damage.
Space warps horribly around you! Something hits you but does no damage.
You blink.
You take 9 damage, and have 65/96 hp.
Something completely misses you.
Something hits you but does no damage. x2
Space bends around you.
You take 4 damage, and have 61/96 hp.
You fail to use your ability.
Something hits you but does no damage. Space warps horribly around you!
Something hits you but does no damage. Space warps horribly around you!
Something hits you but does no damage. Space warps horribly around you!
* * * LOW HITPOINT WARNING * * *
The orc priest mumbles some strange prayers to Beogh against you.
You resist with significant effort. Something hits you but does no damage.
Space bends around you.
* * * LOW HITPOINT WARNING * * *
Something hits you but does no damage. Space bends around you.
* * * LOW HITPOINT WARNING * * *
Something hits you but does no damage. Space warps horribly around you!
You die...

## #.###############
##.## ... #...# ###.###
#...# #.....# #...#
#.....# ####...#####
#..#..#
...........####.....###..
............((.o.........
........o..#(#.{@...###
##.#..>#.###.#.§...##
#.#...#.# #.#..##.#
#.#...#.# #.#.(# .#
##.#...#.# #?.... ?#
.........######.####
#.###........##.# #.#
########.##..
#.##########.####


You could see an orc priest.

Vanquished Creatures
  Rupert (D:13)
  3 ogre magi (Orc:2)
  The ghost of tidbits the Thaumaturge, a journeyman GnEE of Cheibriados (D:13)
  11 hydras
  Erica (Orc:1)
  2 centaur warriors
  17 two-headed ogres
  2 tengu warriors (D:13)
  Urug (D:13)
  A necromancer (Lair:5)
  2 orc knights
  An unseen horror (D:13)
  Pikel (D:5)
  An orc sorcerer (Orc:2)
  2 deep elf magi
  2 cyclopes
  2 manticores
  3 ugly things
  2 ice statues (IceCv)
  5 elephants (Lair:4)
  5 black mambas
  8 spiny frogs
  A gargoyle (D:13)
  5 rime drakes
  4 komodo dragons
  2 kobold demonologists (D:13)
  5 trolls
  10 polar bears
  6 hornets (Lair:6)
  15 hippogriffs
  5 blink frogs
  Sigmund (D:5)
  A water elemental (D:14)
  A vampire (D:11)
  A centaur simulacrum (D:14)
  15 spriggans
  A wraith (D:13)
  Eustachio (D:6)
  7 wyverns
  16 humans (D:13)
  9 yaks
  2 basilisks (Lair:3)
  A shadow (D:13)
  6 vampire mosquitoes (D:12)
  The ghost of IjonTichy1 the Poker, an amateur MfGl (D:3)
  2 wargs (Orc:2)
  3 hungry ghosts
  A naga (Lair:3)
  18 water moccasins
  A soldier ant (D:11)
  10 porcupines
  A hornet zombie (D:11)
  A swamp drake (D:11)
  21 ice beasts
  2 phantoms
  22 orc warriors
  3 black bears
  2 eyes of draining
  24 ogres
  4 sky beasts
  A necrophage (D:10)
  25 wolves
  17 centaurs
  The ghost of tidbits the Stinger, an amateur GnVM of Cheibriados (D:5)
  4 boggarts (Lair:6)
  18 crocodiles
  5 big kobolds
  Blork the orc (D:6)
  16 bullfrogs
  A wyvern zombie (D:11)
  3 wyvern skeletons
  2 jellies
  6 scorpions
  14 killer bees
  3 howler monkeys
  8 wights (D:11)
  2 electric eels
  A bullfrog zombie (D:12)
  2 centaur zombies
  6 crimson imps
  A quasit (D:10)
  Crazy Yiuf (D:3)
  4 hounds
  20 orc priests
  4 centaur skeletons
  2 bullfrog skeletons
  2 iguanas
  18 orc wizards
  Ijyb (D:4)
  10 worker ants
  A killer bee zombie (D:10)
  2 polar bear simulacra (Lair:5)
  5 yak simulacra (Lair:5)
  A wolf simulacrum (Lair:5)
  A hound zombie (D:11)
  2 hound skeletons
  A howler monkey zombie (D:5)
  A worker ant zombie (D:5)
  A gnoll (D:1)
  16 adders
  A river rat (D:6)
  2 shadow imps (D:6)
  2 oozes (Sewer)
  An adder zombie (D:9)
  2 adder skeletons
  6 worms
  4 dart slugs
  6 leopard geckos
  87 orcs
  4 giant cockroaches
  3 goblins
  6 hobgoblins
  22 jackals
  5 quokkas
  2 ball pythons (Sewer)
  11 bats
  4 frilled lizards
  A jackal skeleton (D:7)
  A jackal zombie (D:6)
  26 kobolds
  8 rats
  3 river rat simulacra (Lair:5)
  A plant (Lair:6)
743 creatures vanquished.

Vanquished Creatures (others)
  A wyvern (D:11)
  A slave (D:6)
  An ogre (Orc:2)
  A howler monkey (D:6)
  A worker ant (D:6)
  A howler monkey zombie (D:6)
  An orc (D:6)
  A jackal (D:6)
  4 fungi
12 creatures vanquished.

Grand Total: 755 creatures vanquished

Notes
Turn   | Place    | Note
-------+----------+-------------------------------------------
     0 | D:1      | shakethe the Gargoyle Fighter began the quest for the Orb.
     0 | D:1      | Reached XP level 1. HP: 14/14 MP: 1/1
    45 | D:1      | Reached XP level 2. HP: 13/19 MP: 2/2
   211 | D:1      | Reached skill level 4 in Shields
   364 | D:1      | Reached XP level 3. HP: 23/23 MP: 3/3
  1160 | D:2      | Reached skill level 3 in Maces & Flails
  1160 | D:2      | Reached skill level 1 in Evocations
  1160 | D:2      | Reached XP level 4. HP: 22/28 MP: 4/4
  1772 | D:3      | Found a glowing golden altar of the Shining One.
  1812 | D:3      | Noticed IjonTichy1's ghost (amateur MfGl)
  2142 | D:3      | Killed IjonTichy1's ghost
  2142 | D:3      | Reached skill level 5 in Shields
  2142 | D:3      | Reached skill level 2 in Evocations
  2142 | D:3      | Reached XP level 5. HP: 26/32 MP: 4/6
  2142 | D:3      | Reached XP level 6. HP: 30/37 MP: 4/7
  2524 | D:3      | Found a runed door.
  2848 | D:4      | Reached skill level 4 in Maces & Flails
  3109 | D:4      | Noticed Ijyb
  3133 | D:4      | Killed Ijyb
  3767 | D:4      | Reached XP level 7. HP: 39/41 MP: 9/9
  3947 | D:5      | Entered Level 5 of the Dungeon
  3995 | D:5      | Reached skill level 4 in Armour
  3995 | D:5      | Reached skill level 3 in Evocations
  4205 | D:5      | Noticed Sigmund
  4206 | D:5      | Found Puhigun's Magic Scroll Boutique.
  4228 | D:5      | Killed Sigmund
  4228 | D:5      | Reached skill level 6 in Shields
  4247 | D:5      | Bought a scroll of enchant armour for 90 gold pieces
  4247 | D:5      | Bought a scroll of blinking for 90 gold pieces
  4353 | D:5      | Found a radiant altar of Vehumet.
  4584 | D:5      | Noticed tidbits's ghost (amateur GnVM)
  4600 | D:5      | Killed tidbits's ghost
  4600 | D:5      | Reached skill level 5 in Maces & Flails
  4600 | D:5      | Reached XP level 8. HP: 39/46 MP: 10/10
  4676 | D:5      | Reached skill level 5 in Armour
  5078 | D:5      | Found a deep blue altar of Sif Muna.
  5191 | D:6      | Reached skill level 4 in Evocations
  5215 | D:6      | Noticed Eustachio
  5231 | D:6      | Killed Eustachio
  5231 | D:6      | Reached skill level 6 in Maces & Flails
  5649 | D:3      | Noticed Crazy Yiuf
  5663 | D:3      | Killed Crazy Yiuf
  5815 | D:6      | Found a glowing drain.
  5859 | Sewer    | Entered a sewer
  6577 | D:6      | Noticed Pikel
  6636 | D:5      | Killed Pikel
  6636 | D:5      | Reached skill level 7 in Maces & Flails
  6636 | D:5      | Reached skill level 6 in Armour
  6636 | D:5      | Reached skill level 7 in Shields
  6636 | D:5      | Reached XP level 9. HP: 39/51 MP: 12/12
  6713 | D:6      | Found a white marble altar of Elyvilon.
  6759 | D:6      | Found a staircase to the Ecumenical Temple.
  6833 | Temple   | Entered the Ecumenical Temple
  7198 | D:6      | Became a worshipper of Elyvilon the Healer
  7377 | D:6      | Reached skill level 5 in Evocations
  7378 | D:6      | Noticed Blork the orc
  7388 | D:6      | Killed Blork the orc
  7527 | D:6      | Reached * piety under Elyvilon
  7706 | D:7      | Found a glowing silver altar of Zin.
  7709 | D:7      | Found a sparkling altar of Nemelex Xobeh.
  7720 | D:7      | Found a hazy altar of Hepliaklqana.
  7723 | D:7      | Found a shattered altar of Ashenzari.
  7723 | D:7      | Found a sacrificial altar of Ru.
  7808 | D:7      | Found an ancient bone altar of Kikubaaqudgha.
  7841 | D:7      | Reached skill level 1 in Invocations
  8146 | D:7      | Reached skill level 8 in Maces & Flails
  8432 | D:7      | Reached ** piety under Elyvilon
  8629 | D:8      | Reached skill level 2 in Invocations
  8718 | D:8      | Reached skill level 8 in Shields
  8748 | D:8      | Reached XP level 10. HP: 51/56 MP: 14/14
  8759 | D:8      | Reached skill level 7 in Armour
  8910 | D:8      | Reached skill level 3 in Invocations
  9077 | D:8      | Reached *** piety under Elyvilon
  9224 | D:8      | Found Temutes's Distillery.
  9236 | D:8      | Bought a potion of might for 44 gold pieces
  9236 | D:8      | Bought a potion of curing for 33 gold pieces
  9282 | D:5      | Bought a scroll of enchant weapon for 90 gold pieces
  9356 | D:8      | Bought a potion of curing for 33 gold pieces
  9595 | D:9      | Found a hide-covered altar of Uskayaw.
  9595 | D:9      | Noticed a hand axe
  9610 | D:9      | Noticed a hand axe
  9645 | D:9      | Reached skill level 9 in Maces & Flails
  9682 | D:9      | Identified the Guide on Battle Magic and Evil Secrets
  9765 | D:9      | Reached skill level 6 in Evocations
 10201 | D:9      | Reached **** piety under Elyvilon
 10934 | D:10     | Entered Level 10 of the Dungeon
 11205 | D:10     | Reached skill level 4 in Invocations
 11366 | D:10     | Reached ***** piety under Elyvilon
 11645 | D:10     | Found a staircase to the Orcish Mines.
 12059 | D:10     | Found a shimmering altar of Xom.
 12246 | D:11     | Reached skill level 8 in Armour
 12262 | D:11     | Noticed a six-headed hydra
 12313 | D:11     | Killed a six-headed hydra
 12313 | D:11     | Reached skill level 10 in Maces & Flails
 12313 | D:11     | Reached skill level 9 in Shields
 12313 | D:11     | Reached XP level 11. HP: 54/60 MP: 14/16
 12375 | D:11     | Noticed a two-headed ogre
 12387 | D:11     | Noticed an orc knight
 12401 | D:11     | Killed a two-headed ogre
 12401 | D:11     | Reached skill level 1 in Dodging
 12401 | D:11     | Reached skill level 5 in Invocations
 12418 | D:11     | Killed an orc knight
 12552 | D:11     | Found a roughly hewn altar of Beogh.
 12703 | D:11     | Reached skill level 4 in Fighting
 12910 | D:11     | HP: 15/61 [something (4)]
 12921 | D:11     | HP: 10/61 [something/vampiric draining (10)]
 12931 | D:11     | Reached skill level 7 in Evocations
 13185 | D:11     | Found a staircase to the Lair.
 13507 | D:11     | Noticed a five-headed hydra
 13526 | D:11     | Killed a five-headed hydra
 13526 | D:11     | Reached skill level 2 in Dodging
 13946 | D:12     | Reached skill level 9 in Armour
 13958 | D:12     | Reached skill level 5 in Fighting
 13964 | D:12     | Reached XP level 12. HP: 44/68 MP: 17/17
 13974 | D:12     | Reached skill level 11 in Maces & Flails
 14150 | D:12     | Found Munuwoff's Distillery.
 14157 | D:12     | Bought 2 potions of heal wounds for 150 gold pieces
 14157 | D:12     | Bought a potion of curing for 45 gold pieces
 14157 | D:12     | Bought a potion of curing for 45 gold pieces
 14262 | D:12     | Reached skill level 10 in Shields
 14872 | Lair:1   | Entered Level 1 of the Lair of Beasts
 15269 | Lair:1   | Noticed a four-headed hydra
 15282 | Lair:1   | Killed a four-headed hydra
 15282 | Lair:1   | Reached skill level 6 in Fighting
 16132 | Lair:2   | Reached skill level 10 in Armour
 17017 | Lair:3   | Reached skill level 7 in Fighting
 17286 | Lair:3   | Reached skill level 11 in Shields
 17381 | Lair:3   | Reached ****** piety under Elyvilon
 17457 | Lair:3   | Noticed a four-headed hydra
 17466 | Lair:3   | Killed a four-headed hydra
 17466 | Lair:3   | Reached XP level 13. HP: 72/77 MP: 18/18
 17544 | Lair:3   | Found a staircase to the Snake Pit.
 17601 | Lair:3   | Reached skill level 12 in Maces & Flails
 17820 | Lair:3   | Reached skill level 8 in Fighting
 17900 | Lair:3   | Found the +8 whip "Snakebite" {curare, rPois}
 18398 | Lair:4   | Reached skill level 11 in Armour
 18845 | Lair:4   | Found a staircase to the Shoals.
 19541 | Lair:5   | Reached skill level 9 in Fighting
 19587 | Lair:5   | Reached skill level 12 in Shields
 20606 | Lair:6   | Entered Level 6 of the Lair of Beasts
 20760 | Lair:6   | Gained mutation: Your large and strong wings let you fly indefinitely. [Gargoyle growth]
 20760 | Lair:6   | Reached XP level 14. HP: 36/86 MP: 19/19
 20797 | Lair:6   | Found a frozen archway.
 20851 | Lair:6   | Reached skill level 13 in Maces & Flails
 20857 | Lair:6   | Reached skill level 12 in Armour
 20886 | IceCv    | Entered an ice cave
 20939 | IceCv    | Found a transporter.
 21133 | IceCv    | Reached skill level 10 in Fighting
 21134 | IceCv    | HP: 20/88 [something (19)]
 21138 | IceCv    | Got a polished glaive
 21433 | IceCv    | Got a spiked leather armour
 21699 | Lair:6   | HP: 19/88 [wolf (6)]
 22388 | Lair:6   | Reached skill level 13 in Shields
 22393 | Lair:6   | Found a viscous altar of Jiyva.
 22394 | Lair:6   | Found a staircase to the Slime Pits.
 23113 | Orc:1    | Entered Level 1 of the Orcish Mines
 23113 | Orc:1    | Found Geylouq's Food Boutique.
 23653 | Orc:1    | Noticed Erica
 23665 | Orc:1    | Killed Erica
 23773 | Orc:2    | Entered Level 2 of the Orcish Mines
 23825 | Orc:2    | Found a staircase to the Elven Halls.
 23855 | Orc:2    | HP: 21/88 [orc warrior/halberd[an orc knight] (23)]
 23926 | Orc:2    | Found a bloodstained altar of Trog.
 24034 | Orc:2    | Reached skill level 3 in Dodging
 24077 | Orc:2    | HP: 19/88 [two-headed ogre/giant club (11)]
 24085 | Orc:2    | HP: 21/88 [orc priest/divine providence (8)]
 24354 | Orc:2    | Reached skill level 11 in Fighting
 24604 | Orc:2    | Reached skill level 13 in Armour
 24606 | Orc:2    | Reached XP level 15. HP: 67/94 MP: 20/20
 24633 | Orc:2    | HP: 3/94 [ogre mage/crystal spear (46)]
 24638 | Orc:2    | Was placed under penance by Elyvilon
 24994 | Orc:2    | Reached skill level 4 in Dodging
 25715 | D:13     | Was forgiven by Elyvilon
 25731 | D:13     | Reached skill level 14 in Maces & Flails
 25752 | D:13     | Noticed tidbits's ghost (journeyman GnEE)
 25777 | D:13     | Killed tidbits's ghost
 26080 | D:13     | Reached skill level 6 in Invocations
 26542 | D:14     | Found a gate to the Vaults.
 26542 | D:14     | Noticed Urug
 26542 | D:14     | Noticed Rupert
 26543 | D:14     | Paralysed by Rupert for 4 turns
 26931 | D:13     | Paralysed by Rupert for 7 turns
 26949 | D:13     | Killed Rupert
 27082 | D:13     | Reached skill level 14 in Shields
 27255 | D:14     | HP: 18/96 [centaur warrior simulacrum (13)]
 27265 | D:13     | HP: 24/96 [Urug/enchanted war axe (10)]
 27492 | D:13     | Killed Urug
 28189 | D:14     | Noticed Sonja
 28211 | D:14     | HP: 18/96 [something (19)]
 28211 | D:14     | Slain by Sonja

Skill      XL: |  1  2  3  4  5  6  7  8  9 10 11 12 13 14 15 |
---------------+----------------------------------------------+-----
Shields        | 4 5 6 7 8 9 11 12 13 14 | 14.0
Maces & Flails | 3 4 5 7 8 10 11 12 13 14 | 14.0
Evocations     | 1 2 3 4 5 6 7 |  7.6
Armour         | 4 6 8 9 10 11 13 | 13.6
Invocations    | 2 4 5 6 |  6.6
Dodging        | 2 3 4 |  4.9
Fighting       | 5 7 9 11 | 11.9

Action                   |  1- 3 |  4- 6 |  7- 9 | 10-12 | 13-15 || total
-------------------------+-------+-------+-------+-------+-------++-------
Melee: Flail             |   133 |   164 |   530 |  1129 |  1904 ||  3860
       Unarmed           |       |       |    13 |       |       ||    13
       Great mace        |       |       |       |       |    28 ||    28
Invok: Lesser Healing    |       |       |       |     1 |       ||     1
       Greater Healing   |       |       |       |     6 |    22 ||    28
       Divine Protection |       |       |       |       |     1 ||     1
 Abil: Evoke Flight      |       |       |     1 |       |       ||     1
       Evoke Berserk Rag |       |       |       |       |     2 ||     2
       Fly               |       |       |       |       |     1 ||     1
       Stop Flying       |       |       |       |       |     1 ||     1
Evoke: Wand              |       |       |       |     3 |       ||     3
  Use: Scroll            |       |       |    17 |     9 |    15 ||    41
       Potion            |       |       |       |     3 |       ||     3
  Eat: Chunk             |     1 |     4 |    15 |    28 |    15 ||    63
       Ration            |       |     1 |     1 |     3 |    10 ||    15
Armor: Scale mail        |    80 |    42 |       |       |       ||   122
       Storm dragon scal |       |    53 |   428 |   691 |  1481 ||  2653
       Skin              |       |       |     5 |       |       ||     5
Dodge: Dodged            |    43 |    46 |   175 |   288 |   781 ||  1333
Block: Shield            |    74 |    87 |   358 |   625 |  1384 ||  2528

Vault maps used:
D:1:      lordsloth_arrival_two_stooges, serial_curves, eino_curves_03,
          eino_curves_04
D:2:      minmay_small_reverse_x
D:3:      nicolae_tso_carved_into_rock, uniq_crazy_yiuf_cottage
D:4:      uniq_ijyb
D:5:      first_ration, serial_shops, shop, basic_altar, led_sif_book,
          uniq_sigmund
D:6:      kennysheep_mini_moat, minmay_temple_entry_butterflies,
          portal_sewer_entry_c, hangedman_minor_gate_pass, uniq_blork_the_orc,
          uniq_eustachio, uniq_pikel
D:7:      grunt_temple_overflow_open, kiku_gazebo_garden_becter, the_bakery
D:8:      serial_shops, shop
D:9:      dancing_weapons_uskayaw
D:10:     erik_orc_2, tgw_xom
D:11:     erik_lair_dragon, nooodl_food_tri
D:12:     serial_shops, shop, grunt_ministairs_4
D:14:     david_vaults_3, chequers_big_river, uniq_sonja
Temple:   dpeg_chambers_temple
Lair:2:   beast_lair_carwin_8, serial_bayou_shore_a
Lair:3:   minmay_guarded_unrand_snakebite, guppyfry_snake_entry_garden,
          nicolae_quartered_pool_medium
Lair:4:   minmay_shoals_entry_beasts
Lair:5:   eino_house_with_fridge
Lair:6:   minmay_lair_end_enchanted_forest, slime_altar_1,
          portal_ice_cave_entry_ice_beasts, eino_small_chamber_without_monster,
          grunt_megastairs_2
Orc:1:    serial_shops, nicolae_shop_crystal, uniq_erica
Orc:2:    st_orc_ogre_mass, trog_book
Sewer:    sewer_fruit_machine
IceCv:    ice_cave_statue_garden_teleport

Table legend:
 A = Turns spent in this place as a percentage of turns spent in the entire game.
 B = Non-inter-level travel turns spent in this place as a percentage of non-inter-level travel turns spent in the entire game.
 C = Inter-level travel turns spent in this place as a percentage of turns spent in this place.
 D = Turns resting spent in this place as a percentage of non-inter-level travel turns spent in this place.
 E = Turns spent auto-exploring this place as a percentage of non-inter-level travel turns spent in this place.
 F = Non-inter-level travel turns spent in this place divided by the number of levels of this place that you've seen.
                   A       B       C       D       E      F
               +-------+-------+-------+-------+-------+----------------------
         Total | 100.0 | 100.0 |   3.7 |  14.5 |  50.8 | 1087.1
       Dungeon |  61.1 |  60.6 |   4.4 |  13.2 |  51.8 | 1177.2
        Temple |   1.2 |   1.0 |  20.9 |   0.0 |  69.6 | 273.0
          Lair |  26.8 |  27.1 |   2.5 |   9.7 |  60.4 | 1226.2
  Orcish Mines |   6.5 |   6.7 |   0.5 |  37.2 |  18.8 | 914.5
         Sewer |   2.4 |   2.5 |   0.0 |   0.0 |  41.4 | 669.0
      Ice Cave |   2.0 |   2.1 |   0.0 |  63.6 |   1.2 | 568.0
               +-------+-------+-------+-------+-------+----------------------

Table legend:
 A = Kills in this place as a percentage of kills in entire the game.
 B = Kills by you in this place as a percentage of kills by you in the entire game.
 C = Kills by friends in this place as a percentage of kills by friends in the entire game.
 D = Other kills in this place as a percentage of other kills in the entire game.
 E = Experience gained in this place as a percentage of experience gained in the entire game.
 F = Experience gained in this place divided by the number of levels of this place that you have seen.
                   A       B       C       D       E      F
               +-------+-------+-------+-------+-------+----------------------
         Total | 100.0 | 100.0 |   N/A | 100.0 | 100.0 | 4660.1
       Dungeon |  56.3 |  56.2 |   N/A | 100.0 |  37.5 | 3122.6
          Lair |  26.4 |  26.4 |   N/A |   0.0 |  39.4 | 7641.2
  Orcish Mines |  12.8 |  12.8 |   N/A |   0.0 |  21.0 | 12211.0
         Sewer |   3.2 |   3.2 |   N/A |   0.0 |   0.1 |  78.0
      Ice Cave |   1.3 |   1.3 |   N/A |   0.0 |   2.1 | 2439.0
               +-------+-------+-------+-------+-------+----------------------
